 Dungeon Crawl Stone Soup version 0.29.1-15-g9cfb28693d (webtiles) character file.

Game seed: 10391021283276095312

100 Heoruswealwe the Magician (level 4, -13/24 HPs)
             Began as a Deep Elf Earth Elementalist on Apr 6, 2023.
             Mangled by a water elemental (16 damage)
             ... created by the adversity of Qazlal
             ... on level 4 of the Dungeon.
             The game lasted 00:13:20 (1469 turns).

Heoruswealwe the Magician (DEEE)                    Turns: 1469, Time: 00:13:21

Health: -13/24     AC:  7    Str:  5    XL:     4   Next: 47%
Magic:  7/13       EV: 12    Int: 28    God:
Gold:   82         SH:  0    Dex: 15    Spells: 3/13 levels left

rFire   . . .      SeeInvis .   (no weapon)
rCold   . . .      Faith    .   (no shield)
rNeg    . . .      Spirit   .   d - +0 robe
rPois   .          Reflect  .   c - +0 helmet
rElec   x          Harm     .   (no cloak)
rCorr   .          Rampage  .   (no gloves)
Will    .....                   (no boots)
Stlth   ++........              (no amulet)
HPRegen 0.08/turn               g - +4 ring of protection
MPRegen 0.13/turn               j - +6 ring of intelligence

@: no status effects
A: [electricity vulnerability]
a: no special abilities


You were on level 4 of the Dungeon.
You visited 1 branch of the dungeon, and saw 3 of its levels.

You collected 82 gold pieces.

Inventory:

Armour
 a - a +0 robe
 c - a +0 helmet (worn)
 d - a +0 robe (worn)
Jewellery
 g - a +4 ring of protection (left hand)
 j - a +6 ring of intelligence (right hand)
Scrolls
 f - 4 scrolls of teleportation
 h - a scroll of enchant weapon
Potions
 b - 3 potions of magic
 i - a potion of haste {unknown}


   Skills:
 - Level 2.4 Dodging
 - Level 2.4 Stealth
 + Level 5.0 Spellcasting
 - Level 1.1 Transmutations
 + Level 4.7 Earth Magic


You had 3 spell levels left.
You knew the following spells:

 Your Spells              Type           Power      Damage    Failure   Level
a - Sandblast             Erth           66%        2d15      1%          1
b - Stone Arrow           Conj/Erth      40%        3d9       8%          3
c - Petrify               Tmut/Erth      23%        N/A       21%         4
z - Passwall              Tmut/Erth      19%        N/A       3%          2

Your spell library contained the following spells:

 Spells                   Type           Power      Damage    Failure   Level
 Beastly Appendage        Tmut           26%        N/A       4%          1
 Wereblood                Tmut           13%        N/A       6%          2
 Spider Form              Tmut/Pois      10%        N/A       16%         3


Dungeon Overview and Level Annotations

Branches:
Dungeon (2/15)

Altars:
Qazlal

Shops:
D:1 *


Innate Abilities, Weirdness & Mutations

[You are vulnerable to electric shocks.]


Message History

That felt strangely unrewarding.
The water elemental hits you.
The blast of sand misses the water elemental.
The water elemental hits you!
The water elemental engulfs you in water!
You are too injured to fight recklessly!
You cannot cast spells while unable to breathe!
Unknown command.
Unknown command.
You cannot cast spells while unable to breathe!
You slip free of the water engulfing you.
You gasp with relief as air once again reaches your lungs.
Casting: Sandblast (safe; 1% risk of failure)
Confirm with . or Enter, or press ? or * to list all spells.
Aiming: Sandblast (safe; 1% risk of failure)
Press: ? - help, Shift-Dir - straight line, f/p - water elemental
Aim: a water elemental (durably summoned, 90% to hit)
The blast of sand misses the water elemental.
The water elemental misses you. The water elemental hits you!
* * * LOW HITPOINT WARNING * * *
The water elemental engulfs you in water!
You slip free of the water engulfing you.
You gasp with relief as air once again reaches your lungs.
Casting: Sandblast (safe; 1% risk of failure)
Confirm with . or Enter, or press ? or * to list all spells.
Aiming: Sandblast (safe; 1% risk of failure)
Press: ? - help, Shift-Dir - straight line, f/p - water elemental
Aim: a water elemental (durably summoned, 90% to hit)
The blast of sand hits the water elemental.
The water elemental is lightly damaged.
The water elemental barely misses you.
Casting: Sandblast (safe; 1% risk of failure)
Confirm with . or Enter, or press ? or * to list all spells.
Aiming: Sandblast (safe; 1% risk of failure)
Press: ? - help, Shift-Dir - straight line, f/p - water elemental
Aim: a water elemental (lightly damaged, durably summoned, 90% to hit)
The blast of sand hits the water elemental.
The water elemental is moderately damaged.
The water elemental hits you!
Ouch! That really hurt!
You die...

#### ..# #.#
#.# #E#
#.#####@#####
............#
........###.#
#.#####.# #.#
#.# #.# #.#
#(# #.# #.#
..# #.# #.#
#.#


You could see a water elemental.

Vanquished Creatures
  A basilisk (D:4)
  A jelly (D:4)
  4 adders
  A dart slug (D:2)
  5 ball pythons
  4 endoplasms
  5 hobgoblins
  2 quokkas
  5 bats (D:1)
  3 kobolds
  4 rats
35 creatures vanquished.

Notes
Turn   | Place    | Note
-------+----------+-------------------------------------------
     0 | D:1      | Heoruswealwe the Deep Elf Earth Elementalist began the
                  | quest for the Orb.
     0 | D:1      | Reached XP level 1. HP: 10/10 MP: 6/6
   179 | D:1      | Found a faded altar of an unknown god.
   201 | D:1      | Prayed at the altar of an unknown god.
   201 | D:1      | Became a worshipper of Qazlal Stormbringer
   201 | D:1      | Reached * piety under Qazlal
   202 | D:1      | Fell from the grace of Qazlal
   679 | D:1      | Reached XP level 2. HP: 15/15 MP: 5/8
   682 | D:1      | Learned a level 2 spell: Passwall
   760 | D:1      | Found Bumney's General Store.
   973 | D:2      | Reached skill level 4 in Spellcasting
   973 | D:2      | Found a stormy altar of Qazlal.
  1036 | D:2      | Reached XP level 3. HP: 19/19 MP: 8/10
  1040 | D:2      | Learned a level 3 spell: Stone Arrow
  1121 | D:2      | You fall into a shaft and drop 2 floors!
  1250 | D:4      | Reached XP level 4. HP: 22/24 MP: 8/12
  1255 | D:4      | Learned a level 4 spell: Petrify
  1405 | D:4      | Reached skill level 5 in Spellcasting
  1461 | D:4      | Noticed a basilisk
  1461 | D:4      | Noticed a water elemental
  1463 | D:4      | Killed a basilisk
  1469 | D:4      | Mangled by a water elemental

Illustrated notes

Levels and vault maps discovered:
D:1:      dpeg_arrival_castle, layout_basic, ebering_ecumenical_altar_hall,
          serial_shops, nicolae_shop_hallway_stairs,
          chequers_serial_rivers_micro_c
D:2:      layout_loops_ring, basic_altar, minmay_misc_feat_chi
D:4:      layout_loops_ring

Skill      XL: |  1  2  3  4 |
---------------+-------------+-----
Spellcasting   | 4 5 |  5.0
Earth Magic    | 4 |  4.7
Dodging        | |  2.4
Stealth        | |  2.4
Transmutations | |  1.1

Action                   |  1- 3 |  4- 6 || total
-------------------------+-------+-------++-------
 Cast: Sandblast         |    36 |    12 ||    48
Invok: Renounce Religion |     1 |       ||     1
  Use: Scroll            |     8 |       ||     8
Armor: Robe              |     1 |     2 ||     3
Dodge: Dodged            |     3 |     3 ||     6
